 Dungeon Crawl Stone Soup version 0.25-a0-731-g0472a16d6a (webtiles) character file.

Game seed: 287291332048839382, levelgen mode: deterministic

76574 Maedhros the Green Death (level 15, -37/99 HPs)
             Began as an Octopode Artificer on Apr 7, 2020.
             Was a High Priest of Fedhas.
             Killed by an exploding ballistomycete spore (45 damage)
             ... created by a ballistomycete
             ... summoned by the player character
             ... set off by their pet
             ... on level 5 of the Lair of Beasts on Apr 8, 2020.
             The game lasted 01:23:26 (28864 turns).

Maedhros the Green Death (Octopode Artificer)      Turns: 28864, Time: 01:23:29

Health: -37/99     AC:  4    Str: 13    XL:     15   Next: 54%
Magic:  10/26      EV: 26    Int: 15    God:    Fedhas [*****.]
Gold:   1365       SH:  0    Dex: 28    Spells: 9/20 levels left

rFire    . . .     SeeInvis +   d - +2 demon trident (elec)
rCold    x . .     Gourm    .   x - +0 buckler
rNeg     + + +     Faith    .   X - +0 hat
rPois    .         Spirit   .   u - amulet "Zihu Ame" {Acrobat rElec rC- rN+++ SInv}
rElec    +         Reflect  .   O - ring of wizardry
rCorr    .         Harm     .   h - +5 ring of dexterity
MR       ++...                  D - +3 ring of evasion
Stlth    +++.......             W - ring of wizardry
HPRegen  0.26/turn              l - +5 ring of dexterity
MPRegen  0.20/turn              s - ring of protection from magic
                                S - +3 ring of protection
                                Y - +2 ring of intelligence

@: confused
A: almost no armour, stealthy swim, amphibious, 8 rings, constrict 8, camouflage
1, gelatinous body 1
a: Wall of Briars, Grow Ballistomycete, Overgrow, Grow Oklob, Renounce Religion


You were on level 5 of the Lair of Beasts.
You worshipped Fedhas.
Fedhas was extremely pleased with you.
You were hungry.

You visited 3 branches of the dungeon, and saw 21 of its levels.
You also visited: Gauntlet.

You collected 1766 gold pieces.
You spent 401 gold pieces at shops.

Inventory:

Hand Weapons
 d - a +2 demon trident of electrocution (weapon)
 L - a +3 hunting sling of freezing
 M - a +1 hunting sling of flaming
Missiles
 z - 199 stones (quivered)
 A - 116 sling bullets
Armour
 x - a +0 buckler (worn)
 X - a +0 hat (worn)
Jewellery
 h - a +5 ring of dexterity (right tentacle)
 i - an uncursed ring of fire
 l - a +5 ring of dexterity (on tentacle)
 s - a ring of protection from magic (on tentacle)
 u - the amulet "Zihu Ame" (around mantle) {Acrobat rElec rC- rN+++ SInv}
   (You found it in a Gauntlet)

   [amulet of the acrobat]

   It helps you evade while moving and waiting.
   It makes you vulnerable to cold.
   It insulates you from electricity.
   It renders you almost immune to negative energy.
   It lets you see invisible.
 y - the ring "Redyel" {+Fly rF+ rC- Str+2}
   (You found it in a Gauntlet)

   [ring of flight]

   It affects your strength (+2).
   It protects you from fire.
   It makes you vulnerable to cold.
   It lets you fly.
 D - a +3 ring of evasion (on tentacle)
 O - a ring of wizardry (left tentacle)
 S - a +3 ring of protection (on tentacle)
 W - a ring of wizardry (on tentacle)
 Y - a +2 ring of intelligence (on tentacle)
Wands
 a - a wand of iceblast (7)
 b - a wand of flame (3)
 c - a wand of digging (13)
 g - a wand of clouds (1)
 U - a wand of disintegration (5)
Scrolls
 j - a scroll of teleportation
 o - 2 scrolls of immolation
 v - a scroll of identify
 w - 5 scrolls of fog {unknown}
 C - a scroll of enchant armour
 F - a scroll of blinking {unknown}
 I - 2 scrolls of magic mapping
 Q - a scroll of vulnerability {unknown}
 T - a scroll of holy word {unknown}
Potions
 k - 2 potions of resistance
 m - a potion of lignification {unknown}
 n - 2 potions of ambrosia {unknown}
 p - a potion of stabbing {unknown}
 q - 2 potions of magic
 r - 4 potions of mutation {unknown}
 t - 2 potions of haste {unknown}
 B - 5 potions of brilliance
 E - a potion of berserk rage {unknown}
 K - 2 potions of flight {unknown}
 P - a potion of cancellation {unknown}
Miscellaneous
 e - a phial of floods (inert)
 R - a phantom mirror
Comestibles
 f - 23 rations


   Skills:
 - Level 7.8 Fighting
   Level 1.0 Short Blades
 * Level 3.5(4.6) Polearms
   Level 4.5(5.1) Staves
 - Level 12.0 Slings
 + Level 9.6 Dodging
 - Level 11.5 Stealth
 - Level 4.0 Shields
 * Level 3.2 Spellcasting
 * Level 3.7 Hexes
 * Level 3.6 Summonings
 - Level 3.0 Air Magic
 - Level 7.2 Poison Magic
 - Level 15.0 Invocations
 - Level 8.4 Evocations


You had 9 spell levels left.
You knew the following spells:

 Your Spells              Type           Power        Failure   Level  Hunger
a - Mephitic Cloud        Conj/Pois/Air  ##......     4%          3    ###....
b - Ignite Poison         Fire/Tmut/Pois #.......     6%          3    ###....
c - Summon Mana Viper     Hex/Summ       ##......     30%         5    ######.

Your spell library contained the following spells:

 Spells                   Type           Power        Failure   Level  Hunger
 Sting                    Tmut/Pois      ##..         1%          1    #......
 Summon Butterflies       Summ           ##......     1%          1    #......
 Call Imp                 Summ           ##......     1%          2    ##.....
 Poisonous Vapours        Pois/Air       ###...       1%          2    ##.....
 Slow                     Hex            ##......     1%          2    ##.....
 Olgreb's Toxic Radiance  Pois           ###.....     2%          4    #####..
 Shock                    Conj/Air       #...         3%          1    #......
 Call Canine Familiar     Summ           ##......     3%          3    ###....
 Swiftness                Chrm/Air       #.......     4%          2    ##.....
 Apportation              Tloc           #.....       5%          1    #......
 Magic Dart               Conj           #...         5%          1    #......
 Sandblast                Erth           #.....       5%          1    #......
 Recall                   Summ/Tloc      N/A          8%          3    ###....
 Blink                    Tloc           N/A          9%          2    ##.....
 Passwall                 Tmut/Erth      #.......     9%          2    ##.....
 Static Discharge         Conj/Air       #.......     9%          3    ###....
 Conjure Flame            Conj/Fire      #.......     16%         3    ###....
 Lesser Beckoning         Tloc           #.........   16%         3    ###....
 Stone Arrow              Conj/Erth      #.....       16%         3    ###....
 Airstrike                Air            ##........   16%         4    #####..
 Summon Ice Beast         Ice/Summ       #.......     24%         4    #####..
 Iskenderun's Mystic Bla  Conj/Tloc      #.......     43%         4    #####..
 Petrify                  Tmut/Erth      #.......     43%         4    #####..
 Lightning Bolt           Conj/Air       #.........   56%         5    ######.
 Fireball                 Conj/Fire      #.........   77%         5    ######.
 Lee's Rapid Deconstruct  Erth           #.........   77%         5    ######.
 Starburst                Conj/Fire      #.........   99%         6    #######
 Malign Gateway           Summ/Tloc      #.........   100%        7    #######
 Ring of Flames           Chrm/Fire      #.........   100%        7    #######
 Summon Hydra             Summ           ##........   100%        7    #######
 Ignition                 Fire           #.........   100%        8    #######


Dungeon Overview and Level Annotations

Branches:
Dungeon (14/15)            Temple (0/1) D:5            Lair (5/6) D:8
  Swamp (0/4) Lair:3        Snake (0/4) Lair:4          Orc (2/2) D:11
    Elf (0/3) Orc:2        Vaults (0/5) D:13        Gauntlet (visited)
  Slime: Lair:5-6

Altars:
Ashenzari
Dithmenos
Elyvilon
Fedhas
Gozag
Hepliaklqana
Makhleb
Nemelex Xobeh
Okawaru
Trog
Uskayaw
The Shining One
Beogh

Shops:
D:9 [   Orc:2 }[([(

Annotations:
D:12 1 runed translucent door
D:14 Josephine


Innate Abilities, Weirdness & Mutations

You cannot wear most types of armour.
You are very stealthy in the water. (Stealth+)
You are amphibious.
You can wear up to eight rings at the same time.
You can use your tentacles to constrict eight enemies at once.
Your skin changes colour to match your surroundings (Stealth+).
Your rubbery body absorbs attacks. (AC +1, EV +1)


Message History

Casting: Mephitic Cloud (safe; 4% risk of failure)
Confirm with . or Enter, or press ? or * to list all spells.
Okay, then.
Aiming: Overgrow
Press: ? - help, Dir - move target cursor The rock wall is torn apart as a wandering mushroom grows in its place.
The rock wall is torn apart as a ballistomycete grows in its place.
The rock wall is torn apart as a wandering mushroom grows in its place.
The rock wall is torn apart as a burning bush grows in its place.
You are feeling hungry.
The elephant is engulfed in a cloud of scalding steam.
The elephant tramples your ballistomycete spore.
Your ballistomycete spore holds its ground!
The elephant barely misses your ballistomycete spore.
Your ballistomycete spore explodes!
Fedhas protects your plant from harm. The explosion of spores engulfs you!!!
You are confused.
You die...
Fedhas appreciates your contribution to the ecosystem.

....................#
.............(>....###
................<....# (
................÷...### ###Y.
..............#.....(.##..((.
...............#.#≈≈..#..(...
............P###fPY§(((.(...#
...........### #f†P......P###
..........P# #@ff####...#
..........P# ##fP# ...P#
...........# ### ....#
........#### ...## ......###
.... ......# .... #...###
##.#. ## #


You could see an elephant, 5 friendly wandering mushrooms, 2 friendly burning
bushes and 2 friendly ballistomycetes.

Vanquished Creatures
  Jorgrun (D:12)
  Kirke (D:12)
  2 orc warlords
  A minotaur (Gauntlet)
  Azrael (D:12)
  A merfolk impaler (D:12)
  Erolcha (D:9)
  Harold (D:9)
  5 hydras
  4 centaur warriors
  3 two-headed ogres
  A hell hog (Gauntlet)
  A tengu warrior (D:13)
  2 death yaks (Gauntlet)
  An orc high priest (Orc:2)
  A glowing orange brain (shapeshifter) (D:13)
  2 unseen horrors (D:12)
  2 wizards (Gauntlet)
  An orc knight (Orc:2)
  A deep elf mage (D:12)
  3 ugly things
  5 orc sorcerers
  A manticore (Lair:3)
  6 elephants
  2 black mambas
  Joseph (D:8)
  5 rime drakes
  9 spiny frogs
  2 gargoyles
  A redback zombie (D:14)
  A komodo dragon (Lair:1)
  A tengu conjurer (D:13)
  6 polar bears
  A queen bee (Lair:3)
  4 trolls
  2 tyrant leeches (Gauntlet)
  17 blink frogs
  7 dream sheep (Lair:4)
  16 slime creatures
  12 hippogriffs
  5 wyverns
  A water elemental (D:14)
  23 yaks
  2 fire bats (Gauntlet)
  A human (shapeshifter) (D:13)
  2 fire elementals (D:12)
  Sigmund (D:2)
  5 hogs (D:12)
  2 basilisks (Lair:3)
  3 vampire mosquitoes (Lair:3)
  Grum (D:9)
  A warg (Orc:2)
  7 swamp worms (Gauntlet)
  5 hell hounds
  6 nagas (Lair:4)
  9 water moccasins
  6 porcupines
  A soldier ant (D:12)
  26 orc warriors
  2 ice beasts (D:9)
  A hornet zombie (D:9)
  An eye of draining (shapeshifter) (D:13)
  5 black bears
  5 sky beasts
  2 eyes of draining
  10 crocodiles
  12 ogres
  14 wolves
  15 centaurs
  A big kobold (D:9)
  15 bullfrogs
  2 wyvern zombies (D:13)
  A scorpion (D:9)
  35 killer bees
  8 wights
  3 electric eels
  2 howler monkeys
  A bullfrog zombie (D:13)
  2 centaur zombies
  4 crimson imps
  10 jellies
  6 hounds
  18 orc wizards
  A quasit (D:11)
  15 orc priests
  2 centaur skeletons
  4 gnoll shamans (D:9)
  3 bullfrog skeletons
  13 worker ants
  6 iguanas
  A hell rat (Lair:3)
  A hound skeleton (D:8)
  9 gnolls (D:9)
  14 adders
  7 shadow imps
  14 oozes
  An adder skeleton (D:7)
  8 worms
  3 dart slugs (D:1)
  5 leopard geckos
  91 orcs
  3 ball pythons
  9 giant cockroaches
  9 goblins
  5 hobgoblins
  6 jackals
  10 kobolds
  5 quokkas
  7 bats
  9 frilled lizards
  A leopard gecko skeleton (D:8)
  A quokka skeleton (D:4)
  13 rats
693 creatures vanquished.

Vanquished Creatures (collateral kills)
  A merfolk impaler (D:12)
  A great orb of eyes (Gauntlet)
  The ghost of Muar the Destroyer, a journeyman DrCj of Vehumet (D:12)
  A centaur warrior (D:12)
  2 two-headed ogres
  4 death yaks (Gauntlet)
  A necromancer (Gauntlet)
  A deep elf archer (D:12)
  An ugly thing (Gauntlet)
  An elephant (Lair:5)
  A fire elemental (D:12)
  3 shadow imps (Gauntlet)
  A worm (D:4)
  A dart slug (D:4)
  3 orcs
  2 jackals (D:4)
  2 kobolds (D:3)
  A rat (D:3)
  3 ballistomycete spores (Lair:3)
31 creatures vanquished.

Vanquished Creatures (others)
  Maurice (D:9)
  An orc warrior (D:8)
  A crimson imp (D:8)
  An orc wizard (D:8)
  2 orcs
  14 fungi
  13 plants
33 creatures vanquished.

Grand Total: 757 creatures vanquished

Notes
Turn   | Place    | Note
-------+----------+-------------------------------------------
     0 | D:1      | Maedhros the Octopode Artificer began the quest for the
                  | Orb.
     0 | D:1      | Reached XP level 1. HP: 13/13 MP: 3/3
   299 | D:1      | Reached XP level 2. HP: 18/18 MP: 4/4
   624 | D:1      | Reached XP level 3. HP: 12/23 MP: 5/5
  1428 | D:4      | Noticed an ogre
  1436 | D:4      | Noticed an ogre
  1438 | D:4      | Killed an ogre
  1438 | D:4      | Reached XP level 4. HP: 28/28 MP: 7/7
  1438 | D:4      | Reached XP level 5. HP: 33/33 MP: 8/8
  1586 | D:4      | Killed an ogre
  1586 | D:4      | Reached skill level 5 in Stealth
  1586 | D:4      | Reached skill level 5 in Evocations
  1597 | D:4      | Reached XP level 6. HP: 15/38 MP: 10/10
  1768 | D:4      | Found a blossoming altar of Fedhas.
  1771 | D:4      | Became a worshipper of Fedhas Madash
  2367 | D:2      | Noticed Sigmund
  2375 | D:2      | Killed Sigmund
  2466 | D:2      | Reached XP level 7. HP: 41/44 MP: 11/11
  2473 | D:2      | Reached * piety under Fedhas
  2538 | D:2      | Noticed a -1 dagger
  2547 | D:2      | Noticed a +0 dagger
  2552 | D:2      | Found a hide-covered altar of Uskayaw.
  2865 | D:2      | Found a glowing golden altar of the Shining One.
  3751 | D:4      | Reached ** piety under Fedhas
  4203 | D:5      | Entered Level 5 of the Dungeon
  4300 | D:5      | Reached XP level 8. HP: 52/52 MP: 12/12
  4322 | D:5      | Reached skill level 1 in Slings
  4393 | D:5      | Reached skill level 1 in Shields
  4550 | D:5      | Found a staircase to the Ecumenical Temple.
  5201 | D:6      | Found a hazy altar of Hepliaklqana.
  5569 | D:6      | Found an opulent altar of Gozag.
  6111 | D:7      | Reached *** piety under Fedhas
  6190 | D:7      | Reached XP level 9. HP: 56/58 MP: 14/14
  6239 | D:7      | Found a burning altar of Makhleb.
  6575 | D:8      | Noticed a two-headed ogre
  6861 | D:8      | Noticed Joseph
  6874 | D:8      | Killed Joseph
  6874 | D:8      | Reached skill level 5 in Dodging
  7319 | D:8      | Reached skill level 5 in Slings
  7676 | D:8      | Found a staircase to the Lair.
  7916 | D:8      | Noticed a two-headed ogre
  7967 | D:8      | Killed a two-headed ogre
  7967 | D:8      | Reached skill level 5 in Fighting
  7967 | D:8      | Reached XP level 10. HP: 57/66 MP: 14/16
  8075 | D:8      | Killed a two-headed ogre
  8202 | D:9      | Reached **** piety under Fedhas
  8209 | D:9      | Noticed Grum
  8212 | D:9      | Noticed Harold
  8244 | D:9      | Reached skill level 10 in Stealth
  8762 | D:9      | Killed Grum
  9053 | D:9      | Noticed Maurice
  9053 | D:9      | Noticed a two-headed ogre
  9333 | D:8      | Killed a two-headed ogre
  9630 | D:9      | Reached XP level 11. HP: 54/73 MP: 17/17
  9797 | D:9      | Reached ***** piety under Fedhas
 10361 | D:9      | Killed Harold
 10378 | D:9      | Killed Maurice
 10668 | D:9      | Found Miraluep's Antique Armour Shop.
 10705 | D:9      | Noticed Erolcha
 10718 | D:9      | Killed Erolcha
 10967 | D:9      | Found a shadowy altar of Dithmenos.
 10968 | D:9      | Found a sparkling altar of Nemelex Xobeh.
 11058 | D:9      | Found a shattered altar of Ashenzari.
 11182 | D:9      | Noticed a moth of wrath
 11185 | D:9      | Found a bloodstained altar of Trog.
 11328 | D:10     | Entered Level 10 of the Dungeon
 11666 | D:10     | Found a sparkling altar of Nemelex Xobeh.
 12036 | D:10     | Learned a level 3 spell: Mephitic Cloud
 12040 | D:10     | Learned a level 3 spell: Ignite Poison
 12122 | D:11     | Found a staircase to the Orcish Mines.
 12311 | D:11     | Noticed a four-headed hydra
 12364 | D:11     | Killed a four-headed hydra
 12429 | D:11     | Noticed a two-headed ogre
 12440 | D:11     | Killed a two-headed ogre
 12440 | D:11     | Reached skill level 10 in Slings
 12640 | D:11     | Found a bloodstained altar of Trog.
 12744 | D:11     | Reached XP level 12. HP: 75/82 MP: 18/18
 12821 | D:10     | Reached skill level 1 in Invocations
 12981 | D:11     | Reached skill level 2 in Invocations
 13231 | D:11     | Reached skill level 3 in Invocations
 13696 | D:12     | Reached skill level 4 in Invocations
 13874 | D:12     | Found a runed translucent gate.
 13875 | D:12     | Found a runed translucent gate.
 13876 | D:12     | Found a runed translucent gate.
 13877 | D:12     | Noticed a centaur warrior
 13877 | D:12     | Noticed a merfolk impaler
 13877 | D:12     | Noticed a centaur warrior
 13877 | D:12     | Noticed a merfolk impaler
 13878 | D:12     | Found an iron altar of Okawaru.
 13878 | D:12     | Noticed a centaur warrior
 13878 | D:12     | Noticed Muar's ghost (journeyman DrCj)
 13878 | D:12     | Noticed a centaur warrior
 13949 | D:12     | Noticed Azrael
 13959 | D:12     | Reached ****** piety under Fedhas
 13998 | Orc:1    | Entered Level 1 of the Orcish Mines
 13998 | Orc:1    | Noticed an orc warlord
 14009 | D:11     | Reached skill level 5 in Invocations
 14069 | Lair:1   | Entered Level 1 of the Lair of Beasts
 14324 | Lair:1   | Reached skill level 6 in Invocations
 14502 | Lair:1   | Reached skill level 7 in Invocations
 15319 | Lair:2   | Noticed a six-headed hydra
 15320 | Lair:2   | Noticed a five-headed hydra
 15327 | Lair:2   | Killed a six-headed hydra
 15327 | Lair:2   | Reached skill level 8 in Invocations
 15651 | Lair:2   | Reached XP level 13. HP: 53/88 MP: 19/19
 15925 | Lair:2   | You fall into a shaft and drop 1 floor!
 15971 | Lair:3   | Reached skill level 9 in Invocations
 16407 | Lair:3   | Reached skill level 10 in Invocations
 16724 | Lair:3   | Reached skill level 11 in Invocations
 17143 | Lair:3   | Found a staircase to the Swamp.
 18120 | Lair:3   | Reached skill level 12 in Invocations
 18638 | Lair:4   | Found a staircase to the Snake Pit.
 18849 | Lair:4   | Reached skill level 13 in Invocations
 20563 | Lair:5   | Reached XP level 14. HP: 60/93 MP: 24/24
 20623 | Lair:5   | Reached skill level 14 in Invocations
 20727 | Lair:5   | Found a white marble altar of Elyvilon.
 21122 | D:12     | Noticed Kirke
 21132 | D:12     | Killed Kirke
 21132 | D:12     | Reached skill level 1 in Air Magic
 21305 | D:12     | Killed Azrael
 21640 | D:12     | Noticed Jorgrun
 21652 | D:12     | Killed Jorgrun
 21845 | D:12     | Upgraded the game from 0.25-a0-729-g14964f1db5 to
                  | 0.25-a0-731-g0472a16d6a
 22974 | D:12     | Reached skill level 5 in Poison Magic
 23078 | D:12     | Reached skill level 15 in Invocations
 23079 | D:12     | Killed Muar's ghost
 23317 | D:12     | Reached skill level 1 in Staves
 23698 | D:13     | Found a gate to the Vaults.
 23706 | D:13     | Found a gate leading to a gauntlet.
 23726 | Gauntlet | Entered a Gauntlet
 23726 | Gauntlet | Found a transporter.
 23729 | Gauntlet | Found a transporter.
 23741 | Gauntlet | Found a transporter.
 23743 | Gauntlet | Found a transporter.
 23747 | Gauntlet | Found a transporter.
 23749 | Gauntlet | Found a transporter.
 23749 | Gauntlet | Found a transporter.
 23797 | Gauntlet | Found a transporter.
 23814 | Gauntlet | Found a runed translucent door.
 23818 | Gauntlet | Found a transporter.
 23827 | Gauntlet | Found a transporter.
 23855 | Gauntlet | Found a transporter.
 23857 | Gauntlet | Found a transporter.
 24035 | Gauntlet | Got a wavering brass ring
 24041 | Gauntlet | Got a faintly glowing sapphire amulet
 24160 | Gauntlet | Got a translucent amber ring
 24272 | Gauntlet | Identified the amulet "Zihu Ame" {Acrobat rElec rC- rN+++
                  | SInv} (You found it in a Gauntlet)
 24274 | Gauntlet | Identified the ring of Awe {rN++ SInv} (You found it in a
                  | Gauntlet)
 24276 | Gauntlet | Identified the ring "Redyel" {+Fly rF+ rC- Str+2} (You
                  | found it in a Gauntlet)
 24335 | Gauntlet | Identified the Almanac of Displacement
 24598 | Gauntlet | Reached XP level 15. HP: 90/99 MP: 26/26
 24739 | D:13     | Learned a level 5 spell: Summon Mana Viper
 25161 | D:13     | Reached skill level 1 in Hexes
 25171 | D:13     | Reached skill level 1 in Polearms
 25171 | D:13     | Reached skill level 1 in Spellcasting
 25171 | D:13     | Reached skill level 1 in Summonings
 26039 | D:14     | Noticed Josephine
 26130 | Orc:1    | Killed an orc warlord
 26485 | Orc:1    | Found Kutsig's Weapon Emporium.
 26569 | Orc:2    | Entered Level 2 of the Orcish Mines
 26600 | Orc:2    | Found a staircase to the Elven Halls.
 26725 | Orc:2    | Found Ebromesm's Weapon Shoppe.
 26729 | Orc:2    | Found a roughly hewn altar of Beogh.
 26917 | Orc:2    | Found a roughly hewn altar of Beogh.
 27005 | Orc:2    | Found a roughly hewn altar of Beogh.
 27079 | Orc:2    | Found a roughly hewn altar of Beogh.
 27097 | Orc:2    | Found Negeoh's Antique Armour Shop.
 27176 | Orc:2    | Noticed an orc warlord
 27210 | Orc:2    | Killed an orc warlord
 27608 | Orc:2    | Found Ejush's Antique Weapon Boutique.
 27609 | Orc:2    | Found a roughly hewn altar of Beogh.
 27614 | Orc:2    | Found Seored's Antique Armour Shop.
 27635 | Orc:2    | Bought a brightly glowing kite shield for 247 gold pieces
 27645 | Orc:2    | Identified the cursed -7 kite shield of Lesser Demons
                  | {rC++} (You bought it in a shop on level 2 of the Orcish
                  | Mines)
 27856 | Orc:2    | Found a roughly hewn altar of Beogh.
 27935 | Orc:2    | Found a roughly hewn altar of Beogh.
 27949 | Orc:2    | Found Jim Heno's Gadget Shop.
 27956 | Orc:2    | Bought a wand of iceblast (7) for 154 gold pieces
 28864 | Lair:5   | Killed by an exploding ballistomycete spore... set off by
                  | their pet

Levels and vault maps discovered:
D:1:      roderic_octagonal_star, layout_loops_corners, minivault_25,
          minmay_curled_crystal
D:2:      minmay_inner_zag, layout_basic, tso_oasis_becter,
          dancing_weapons_uskayaw, uniq_sigmund
D:3:      layout_basic
D:4:      layout_rooms, kennysheep_mini, hangedman_feature_mirror,
          item_on_display_a
D:5:      layout_rooms, minmay_temple_entry_purple_smoke, first_ration
D:6:      layout_gridville, lemuel_doored_altar, kennysheep_little_box
D:7:      layout_basic, lemuel_round_altar
D:8:      lemuel_slime, layout_rooms, dpeg_oklobed_lair, grunt_pizzeria,
          uniq_joseph
D:9:      kennysheep_seaside_town, layout_basic, tgw_trog,
          gammafunk_temple_overflow_pools, serial_shops,
          nicolae_shop_competitors_out_of_business, ashenzari_altar_1,
          uniq_maurice, uniq_grum, uniq_erolcha, uniq_harold
D:10:     layout_basic, nemelex_xobeh_ov_fountains_minmay
D:11:     layout_basic, orc_0_dummy, basic_altar,
          portal_ice_cave_entry_animals_and_master,
          ebering_dispersal_statue_hall
D:12:     layout_long_grid, gammafunk_ghost_fury_of_okawaru,
          minmay_misc_feat_alley, hangedman_decor_lopped, minivault_27,
          uniq_jorgrun, uniq_azrael, uniq_kirke
D:13:     layout_roguey, david_vaults_2, gauntlet_entry_generic, kb_tengu_band
D:14:     layout_basic, minmay_misc_feat_x, uniq_snorg, uniq_rupert,
          uniq_josephine
Lair:1:   layout_long_grid, nicolae_volcano_entry_s_turn, serial_bayou_lagoon_b,
          grunt_megastairs_1
Lair:2:   layout_cave_pods, serial_bayou_shore_b, infiniplex_staircase_pool
Lair:3:   regret_index_tunnel_blossom, layout_gridlike, minmay_swamp_entry_swarm
Lair:4:   layout_long_grid, minmay_snake_entry_guardpost_medium
Lair:5:   layout_cave_pods, slime_dummy, lemuel_altar_in_water2
Orc:1:    layout_diamond_mine, serial_shops, shop_fountains
Orc:2:    grunt_orc_community_town_hall, layout_caves,
          grunt_orc_community_big_house_2, grunt_orc_community_big_house_2,
          grunt_orc_community_house_3, grunt_orc_community_house_3,
          grunt_orc_community_house_1, grunt_orc_community_house_1, basic_altar,
          serial_shops, shop

Skill      XL: |  1  2  3  4  5  6  7  8  9 10 11 12 13 14 15 |
---------------+----------------------------------------------+-----
Stealth        | 2 3 4 6 7 8 9 10 11 | 11.5
Evocations     | 4 5 6 7 8 |  8.4
Fighting       | 3 4 5 6 7 |  7.8
Dodging        | 3 4 5 6 8 9 |  9.6
Slings         | 3 5 7 10 11 12 | 12.0
Shields        | 2 3 4 |  4.0
Invocations    | 8 13 15 | 15.0
Air Magic      | 3 |  3.0
Poison Magic   | 7 |  7.2
Staves         | 4 |  4.5
Hexes          | 3 |  3.7
Polearms       | 3 |  3.5
Spellcasting   | 3 |  3.2
Summonings     | 3 |  3.6
Short Blades   | |  1.0

Action                   |  1- 3 |  4- 6 |  7- 9 | 10-12 | 13-15 || total
-------------------------+-------+-------+-------+-------+-------++-------
Melee: Short sword       |    51 |    50 |   158 |       |       ||   259
       Constrict         |    18 |    16 |    54 |    10 |    76 ||   174
       Tentacles         |    12 |    13 |    63 |    35 |   154 ||   277
       Dagger            |       |       |   121 |    91 |    84 ||   296
       Demon trident     |       |       |       |       |   423 ||   423
 Fire: Hunting sling     |       |       |    14 |   985 |  1170 ||  2169
 Cast: Mephitic Cloud    |       |       |       |       |    21 ||    21
       Ignite Poison     |       |       |       |       |     3 ||     3
Invok: Grow Ballistomyce |       |       |       |       |     1 ||     1
       Overgrow          |       |       |       |       |     7 ||     7
       Grow Oklob        |       |       |       |       |     5 ||     5
Evoke: Wand              |     8 |    11 |    20 |    31 |    51 ||   121
       Phial of floods   |       |       |       |     1 |     3 ||     4
  Use: Scroll            |       |       |     7 |     9 |    12 ||    28
       Potion            |       |       |       |       |     8 ||     8
 Stab: Distracted        |     1 |       |     2 |       |     4 ||     7
       Sleeping          |     2 |    13 |    34 |    12 |    29 ||    90
       Confused          |       |       |       |       |    11 ||    11
       Paralysed         |       |       |       |       |     7 ||     7
  Eat: Chunk             |     2 |     2 |    15 |    15 |    33 ||    67
       Ration            |       |       |     1 |     2 |     4 ||     7
Armor: Skin              |     5 |     1 |     9 |     9 |    16 ||    40
Dodge: Dodged            |    28 |    28 |   185 |   333 |   623 ||  1197
Block: Buckler           |       |       |    33 |   128 |   233 ||   394

Table legend:
 A = Non-vault XP
 B = Vault XP
 C = Vault XP percentage of total XP
 D = Non-vault monster count
 E = Vault monster count
 F = Vault count percentage of total count
                 A         B        C        D         E       F
            +---------+---------+-------+---------+---------+-------
      Total |   60614 |   48778 |  44.6 |     467 |     256 |  35.4
            +---------+---------+-------+---------+---------+-------
        D:1 |      36 |       0 |   0.0 |      18 |       0 |   0.0
        D:2 |      72 |     225 |  75.8 |      27 |       6 |  18.2
        D:3 |     152 |       0 |   0.0 |      32 |       0 |   0.0
        D:4 |     556 |      41 |   6.9 |      24 |       3 |  11.1
        D:5 |     646 |       0 |   0.0 |      15 |       0 |   0.0
        D:6 |     348 |       0 |   0.0 |      14 |       0 |   0.0
        D:7 |     461 |       0 |   0.0 |      13 |       0 |   0.0
        D:8 |    3936 |    1172 |  22.9 |      29 |      22 |  43.1
        D:9 |    2170 |    4281 |  66.4 |      37 |      38 |  50.7
       D:10 |    1476 |     301 |  16.9 |      22 |       1 |   4.3
       D:11 |    4333 |    1732 |  28.6 |      17 |       7 |  29.2
       D:12 |    9134 |   13128 |  59.0 |      48 |      21 |  30.4
       D:13 |    4261 |    2314 |  35.2 |      28 |       5 |  15.2
       D:14 |     573 |       0 |   0.0 |       2 |       0 |   0.0
     Lair:1 |    5085 |     600 |  10.6 |      24 |       2 |   7.7
     Lair:2 |    4149 |       0 |   0.0 |      10 |       0 |   0.0
     Lair:3 |    6839 |    6211 |  47.6 |      26 |      48 |  64.9
     Lair:4 |    7021 |     949 |  11.9 |      30 |       6 |  16.7
     Lair:5 |    6093 |       0 |   0.0 |      21 |       0 |   0.0
      Orc:1 |    2758 |       0 |   0.0 |      21 |       0 |   0.0
      Orc:2 |     515 |    8006 |  94.0 |       9 |      67 |  88.2
   Gauntlet |       0 |    9818 | 100.0 |       0 |      30 | 100.0
            +---------+---------+-------+---------+---------+-------
